 Dungeon Crawl Stone Soup version 0.19.0-11-g3fc08b3 (webtiles) character file.

2137 Ladykiller69 the Cleaver (level 9, -1/65 HPs)
             Began as a Formicid Fighter on Nov 9, 2016.
             Was a Priest of Cheibriados.
             Slain by a black bear (7 damage)
             ... on level 7 of the Dungeon.
             The game lasted 00:14:45 (5539 turns).

Ladykiller69 the Cleaver (Formicid Fighter)         Turns: 5539, Time: 00:14:45

Health: -1/65      AC:  9    Str: 26    XL:     9   Next: 55%
Magic:  9/9        EV: 10    Int: 18    God:    Cheibriados [***...]
Gold:   176        SH: 12    Dex: 16    Spells: 0 memorised, 8 levels left

rFire  x . .     SeeInvis +     a - +1 war axe
rCold  + . .     Gourm    .     t - +1 swamp dragon scales
rNeg   . . .     Faith    +     c - +0 shield
rPois  +         Spirit   .     (helmet unavailable)
rElec  .         Reflect  .     (no cloak)
rCorr  .         Harm     .     (no gloves)
MR     .....                    (no boots)
Stlth  +.........               B - amulet of faith
                                (no ring)
                                i - ring of ice

@: very slow
A: permanent stasis, dig shafts and tunnels, four strong arms, antennae 3
a: Dig, Shaft Self, Bend Time, Temporal Distortion, Renounce Religion


You were on level 7 of the Dungeon.
You worshipped Cheibriados.
Cheibriados was most pleased with you.
You were not hungry.

You visited 1 branch of the dungeon, and saw 7 of its levels.
You also visited: Sewer.

You collected 284 gold pieces.
You spent 108 gold pieces at shops.

Inventory:

Hand Weapons
 a - a +1 war axe (weapon)
Missiles
 j - 97 stones
 u - 11 tomahawks (quivered)
Armour
 b - a +0 scale mail
 c - a +0 shield (worn)
 t - +1 swamp dragon scales (worn)
Jewellery
 i - a ring of ice (left hand)
 r - an uncursed amulet of harm
 B - an amulet of faith (around neck)
Scrolls
 e - a scroll of fear
 g - a scroll of noise
 k - 2 scrolls of magic mapping
 l - a scroll of enchant armour
 m - 2 scrolls of enchant weapon
 o - 2 scrolls of remove curse
 x - 5 scrolls of identify
 y - 3 scrolls of amnesia {unknown}
 C - a scroll of blinking {unknown}
 E - 2 scrolls of teleportation {unknown}
Potions
 d - 2 potions of might
 h - 5 potions of curing
 p - a potion of agility
 q - a potion of cure mutation {unknown}
 s - 2 potions of lignification {unknown}
 v - a potion of haste {unknown}
 w - a potion of berserk rage {unknown}
 z - a potion of heal wounds
 D - 3 potions of flight {unknown}
Comestibles
 f - 5 bread rations
 n - 2 slices of pizza
 A - 2 meat rations


   Skills:
 - Level 4.0 Fighting
 * Level 9.8 Axes
 - Level 4.0 Armour
 + Level 8.6 Shields


You had 8 spell levels left.
You didn't know any spells.

Dungeon Overview and Level Annotations

Branches:
Dungeon (7/15)             Temple (0/1) D:6

Altars:
Cheibriados
Sif Muna

Shops:
D:4 !

Annotations:
D:3 1 runed door


Innate Abilities, Weirdness & Mutations

You are under a permanent stasis effect.
You can dig through walls and to a lower floor.
Your four strong arms can wield two-handed weapons with a shield.
You have a pair of large antennae on your head. (SInv)


Message History

You kill the orc warrior!
Cheibriados appreciates the change of pace.
You hit the black bear. The black bear bites you.
* * * LOW HITPOINT WARNING * * *
The black bear claws you but does no damage.
You block the black bear's attack.
You hit the black bear.
The black bear is almost dead.
The black bear goes berserk!
You closely miss the black bear.
The black bear is almost dead.
You slash the orc!
You kill the orc!
Cheibriados thoroughly appreciates the change of pace.
The black bear bites you.
* * * LOW HITPOINT WARNING * * *
You block the black bear's attack.
The black bear claws you but does no damage.
The black bear bites you!
You die...

...#........ ##.
###........... . #..
##..........#.
..###..###..........#.##
..................#..#
...... #...(.....#.#
#$..# ##....(.......
#)h# #<....(.......
#)@###.............
#..##..##(##.......
#..(...###)##......
#........##.####.....
............### ##....
....###.......######....
.... #...###...........
... #...# #..##.......
## #..## ..####.....


You could see a black bear (berserk).

Vanquished Creatures
  A wyvern (D:6)
  2 orc warriors (D:7)
  An ice beast (D:6)
  2 ogres (D:5)
  4 phantoms
  A centaur (D:7)
  A big kobold (Sewer)
  2 bullfrogs (D:6)
  2 scorpions (D:5)
  6 crimson imps (D:5)
  A hound (D:5)
  3 orc priests
  6 orc wizards
  A bullfrog skeleton (D:4)
  An iguana (D:6)
  Terence (D:3)
  2 worker ants
  A hound skeleton (D:6)
  5 adders
  A river rat (Sewer)
  A shadow imp (D:3)
  An adder skeleton (D:4)
  An adder zombie (D:5)
  6 worms
  3 dart slugs (D:1)
  5 leopard geckos
  7 orcs
  6 bats
  5 giant cockroaches
  9 goblins
  6 hobgoblins
  16 jackals
  4 quokkas
  3 ball pythons
  6 frilled lizards
  11 kobolds
  A leopard gecko zombie (D:5)
  A quokka skeleton (D:6)
  12 rats
148 creatures vanquished.

Notes
Turn   | Place    | Note
-------+----------+-------------------------------------------
     0 | D:1      | Ladykiller69 the Formicid Fighter began the quest for the Orb.
     0 | D:1      | Reached XP level 1. HP: 18/18 MP: 1/1
   227 | D:1      | Reached XP level 2. HP: 24/24 MP: 2/2
   393 | D:1      | Reached XP level 3. HP: 25/29 MP: 3/3
   824 | D:2      | Reached skill level 3 in Axes
   884 | D:2      | Reached XP level 4. HP: 33/37 MP: 4/4
  1394 | D:3      | Noticed Terence
  1406 | D:3      | Killed Terence
  1406 | D:3      | Reached XP level 5. HP: 24/42 MP: 5/5
  2187 | D:3      | Reached skill level 4 in Axes
  2232 | D:3      | Reached XP level 6. HP: 48/48 MP: 6/6
  2257 | D:3      | Reached skill level 5 in Shields
  2285 | D:3      | Found a runed door.
  2526 | D:4      | Noticed a phantom
  2556 | D:4      | Killed a phantom
  2632 | D:4      | Found a snail-covered altar of Cheibriados.
  2638 | D:4      | Became a worshipper of Cheibriados the Contemplative
  2643 | D:4      | Reached skill level 5 in Axes
  2729 | D:4      | Noticed a phantom
  2760 | D:4      | Killed a phantom
  2760 | D:4      | Reached XP level 7. HP: 41/54 MP: 7/7
  2798 | D:4      | Found Bekhlova's Distillery.
  2810 | D:4      | Bought a potion of agility for 48 gold pieces
  2810 | D:4      | Bought a potion of heal wounds for 60 gold pieces
  3118 | D:4      | Reached skill level 6 in Axes
  3210 | D:5      | Entered Level 5 of the Dungeon
  3373 | D:5      | Reached XP level 8. HP: 47/60 MP: 8/8
  3455 | D:5      | Reached * piety under Cheibriados
  3455 | D:5      | Reached skill level 7 in Axes
  4037 | D:5      | Reached skill level 8 in Axes
  4226 | D:6      | Reached XP level 9. HP: 65/65 MP: 9/9
  4253 | D:6      | Reached ** piety under Cheibriados
  4258 | D:6      | Found a glowing drain.
  4273 | Sewer    | Entered a sewer
  4353 | Sewer    | Found a white marble altar of Elyvilon.
  4664 | D:6      | Found a deep blue altar of Sif Muna.
  4689 | D:6      | Found a staircase to the Ecumenical Temple.
  4717 | D:6      | Reached skill level 9 in Axes
  5531 | D:7      | Reached *** piety under Cheibriados
  5539 | D:7      | Slain by a black bear

Skill      XL: |  1  2  3  4  5  6  7  8  9 |
---------------+----------------------------+-----
Axes           | 3 4 5 6 8 9 |  9.8
Shields        | 4 5 6 7 8 |  8.6
Fighting       | 4 |  4.0
Armour         | 4 |  4.0

Action                   |  1- 3 |  4- 6 |  7- 9 || total
-------------------------+-------+-------+-------++-------
Melee: War axe           |    74 |   212 |   316 ||   602
Throw: Tomahawk          |       |       |     6 ||     6
 Abil: Dig               |       |     6 |     7 ||    13
  Use: Scroll            |       |       |     7 ||     7
       Potion            |       |       |     1 ||     1
  Eat: Chunk             |       |     7 |     6 ||    13
       Pizza             |       |       |     1 ||     1
Armor: Scale mail        |    20 |    26 |       ||    46
       Swamp dragon scal |       |    54 |    73 ||   127
Dodge: Dodged            |    29 |    53 |    90 ||   172
Block: Shield            |    38 |    91 |   157 ||   286
